 Dungeon Sprint DCSS version 0.31-a0-1068-g5939ac1fb6 (webtiles) character file.

Game seed: 11304049882579001788

12852 Revguard the Warrior (level 11, 0/83 HPs)
             Began as a Gargoyle Fighter on Nov 24, 2023.
             Was a Believer of Zin.
             Slain by an emperor scorpion (4 damage)
             ... summoned by a royal mummy
             ... in the Dungeon (Sprint V: "Ziggurat Sprint").
             The game lasted 00:14:24 (1029 turns).

Revguard the Warrior (Gargoyle Fighter)             Turns: 1029, Time: 00:14:25

Health: 0/83       AC: 42    Str: 19    XL:     11   Next: 99%
Magic:  1/19       EV:  6    Int:  5    God:    Zin [**....]
Gold:   0          SH: 37    Dex: 25    Spells: 10/10 levels left

rFire   . . .        L - +6 war axe "Jabemay" {flame, Will+ rCorr}
rCold   + + .        C - +18 shield of the Gong {Loud rN+ Will+ rCorr EV-5}
rNeg    + + .        B - +15 Maxwell's patent armour {-Cast -Tele rElec Will+ rCorr}
rPois   ∞            (no helmet)
rElec   +            (no cloak)
rCorr   +            J - +3 Mad Mage's Maulers {Infuse+∞ VampMP -Cast}
SInv    +            (no boots)
Will    +++..        b - amulet "Jof Tauq" {Reflect Rampage rC++ Int-5 SH+5 SInv Stlth-} Stlth
                     w - +6 ring of dexterity
HPRegen 0.33/turn    v - +6 ring of dexterity
MPRegen 0.16/turn

%: no teleportation, no spellcasting, reflection, rampage, infuse magic (1 MP)
@: on recite cooldown, slowed, studying 2 skills, very slow
A: sickness immunity, AC +8, negative energy resistance 1, electricity
resistance, torment resistance 1, petrification resistance
a: Renounce Religion, Recite, Vitalisation, Donate Gold


You were in the Dungeon.
You worshipped Zin.
Zin was pleased with you.
You visited 1 branch

Inventory:

Hand Weapons
 D - the +6 shillelagh "Devastator" {shatter}
   (You found it in the Dungeon)
 E - the +4 morningstar of Sandy Tenacity {freeze, rCorr Str+6 Dex+3}
   (You found it in the Dungeon)

   Str+6:     It affects your strength (+6).
   Dex+3:     It affects your dexterity (+3).
   rCorr:     It protects you from acid and corrosion.
 L - the +6 war axe "Jabemay" (weapon) {flame, Will+ rCorr}
   (You found it in the Dungeon)

   Will+:     It increases your willpower.
   rCorr:     It protects you from acid and corrosion.
Armour
 B - the +15 Maxwell's patent armour (worn) {-Cast -Tele rElec Will+ rCorr}
   (You found it in the Dungeon)

   rElec:     It insulates you from electricity.
   Will+:     It increases your willpower.
   -Cast:     It prevents spellcasting.
   -Tele:     It prevents most forms of teleportation.
   rCorr:     It protects you from acid and corrosion.
 C - the +18 shield of the Gong (worn) {Loud rN+ Will+ rCorr EV-5}
   (You found it in the Dungeon)

   Loud:      It is deafeningly noisy when blocking attacks.
   EV-5:      It affects your evasion (-5).
   rN+:       It protects you from negative energy.
   Will+:     It increases your willpower.
   rCorr:     It protects you from acid and corrosion.
 J - the +3 Mad Mage's Maulers (worn) {Infuse+∞ VampMP -Cast}
   (You found it in the Dungeon)

   Infuse+∞: It empowers its wearer's blows with all of their magic.
   VampMP:    Blows struck in melee replenish the wearer's magic.
   -Cast:     It prevents spellcasting.
Jewellery
 b - the amulet "Jof Tauq" (around neck) {Reflect Rampage rC++ Int-5 SH+5 SInv Stlth-}
   (You found it in the Dungeon)

   [amulet of reflection]

   Reflect:   It reflects blocked missile attacks.
   Int-5:     It affects your intelligence (-5).
   rC++:      It greatly protects you from cold.
   SInv:      It lets you see invisible.
   SH+5:      It affects your SH (+5).
   Rampage:   It bestows one free step when moving towards enemies.
   Stlth-:    It makes you less stealthy.
 v - a +6 ring of dexterity (right hand)
 w - a +6 ring of dexterity (left hand)
 H - an amulet of magic regeneration
 K - a ring of resist corrosion
Wands
 c - a wand of digging (1)
 s - a wand of mindburst (7)
 t - a wand of acid (4)
 G - a wand of flame (25)
Scrolls
 a - 4 scrolls of enchant armour
 j - 4 scrolls of blinking
 n - 5 scrolls of brand weapon
 o - 4 scrolls of amnesia
 p - 7 scrolls of fog
 q - 5 scrolls of identify
 r - 2 scrolls of fear
Potions
 d - 6 potions of might
 e - 10 potions of curing
 f - 6 potions of heal wounds
 g - 6 potions of haste
 h - 7 potions of magic
 i - 3 potions of berserk rage
 k - 2 potions of brilliance
 l - a potion of invisibility
 m - 3 potions of resistance


   Skills:
 * Level 15.6 Fighting
 - Level 13.1 Axes
 * Level 0.0(9.2) Maces & Flails
 + Level 12.0 Armour
 + Level 8.4 Dodging
 + Level 11.5 Shields
 + Level 11.0 Invocations
 + Level 9.2 Evocations


You had 10 spell levels left.
You didn't know any spells.
Your spell library contained the following spells:

 Spells                   Type           Power      Damage    Failure   Level
 Kiss of Death            Conj/Necr      0%         2d5       100%        1
 Shock                    Conj/Air       0%         1d3       100%        1
 Confusing Touch          Hex            0%         N/A       100%        3
 Teleport Other           Tloc           0%         N/A       100%        3
 Dispel Undead            Necr           0%         3d6       100%        4
 Iskenderun's Mystic Bla  Conj/Tloc      0%         2d3       100%        4
 Manifold Assault         Tloc           0%         N/A       100%        4
 Passage of Golubria      Tloc           0%         N/A       100%        4
 Dispersal                Tloc           0%         N/A       100%        6
 Ozocubu's Refrigeration  Ice            0%         4d7       100%        7
 Disjunction              Tloc           0%         N/A       100%        8
 Maxwell's Capacitive Co  Air            0%         ∞         100%        8
 Chain Lightning          Conj/Air       0%         N/A       100%        9
 Fire Storm               Conj/Fire      0%         5d1       100%        9
 Shatter                  Erth           0%         3d5*      100%        9


Dungeon Overview and Level Annotations

Branches:
Dungeon (1/1)

Altars:
Ashenzari
Cheibriados
Dithmenos
Elyvilon
Fedhas
Gozag
Hepliaklqana
Kikubaaqudgha
Makhleb
Nemelex Xobeh
Okawaru
Qazlal
Ru
Sif Muna
Trog
Uskayaw
Vehumet
Wu Jian
Xom
Yredelemnul
Zin
The Shining One
Jiyva
Lugonu

Annotations:
D 1 transporter


Innate Abilities, Weirdness & Mutations

You are immune to sickness and miasma.
Your stone body is resilient. (AC +8)
You are immune to poison.
You resist negative energy. (rN+)
You are resistant to electric shocks. (rElec)
You are resistant to unholy torment.
You are immune to petrification.


Message History

You feel as though you will be slow longer.
The emperor scorpion stings you!
The emperor scorpion claws you but does no damage. x2
The death scarab bites you but does no damage.
The death scarab barely misses you.
The death scarab bites you but does no damage.
The guardian mummy hits you!
* * * LOW HITPOINT WARNING * * *
The ushabti shakes and rattles deafeningly!
The guardian mummy hits you but does no damage.
The emperor scorpion closely misses you.
The emperor scorpion claws you but does no damage. x2
You slice the mummy!! You burn the mummy.
You destroy the mummy!
The mummy disappears in a puff of smoke!
You hit the death scarab. You burn the death scarab.
You closely miss the death scarab. You hit the guardian mummy.
You burn the guardian mummy. You hit the guardian mummy.
You burn the guardian mummy. You slash the emperor scorpion!
You burn the emperor scorpion. You miss the death scarab.
You slash the death scarab! You burn the death scarab.
The mummy priest is no longer covered in acid.
The death scarab bites you but does no damage.
You block the death scarab's attack.
GONNNNG!
You block the death scarab's attack.
GONNNNG!
You block the death scarab's attack.
GONNNNG!
The death scarab bites you but does no damage.
The death scarab barely misses you.
The death scarab bites you but does no damage.
The death scarab bites you!
* * * LOW HITPOINT WARNING * * *
The death scarab drains your vigour!
You feel as though you will be slow longer.
The death scarab bites you but does no damage.
The death scarab waves its antennae.
The emperor scorpion stings you.
You die...

▓.........▓
▓....8©8....▓....©....▓
▓...=/.):)..▓▓▓▓▓▓▓▓▓▓▓
▓...[:)?/...▓...8©8...▓
▓.....Wz....▓..)|).").▓
▓..BBZ9M....▓....))...▓
▓..VMMsM....▓.........▓
▓..BssBMZ...▓....)....▓
▓BB@M.▓ ▓...).)...▓
▓▓BBV▓▓ ▓...).)...▓
▓..▓.....▓..▓.....)...▓
▓.....©.....▓....©....▓
▓▓▓▓▓▓▓▓▓▓▓▓▓▓▓▓▓▓▓▓▓▓▓
▓...8©8...▓...8©8...▓..
▓..)))|/..▓....)[)..▓..
▓..[.))...▓..|.):[..▓..
▓.........▓.........▓..


You could see a royal mummy, 3 emperor scorpions, 2 mummy priests, a jiangshi
(summoned), 2 guardian mummies, an ushabti (catching breath), a freezing wraith
(summoned), a vampire (summoned, invisible), 8 death scarabs, a mummy, a wight
(summoned), a bat zombie (summoned) and a quokka skeleton (summoned, corona).

Vanquished Creatures
  A lich (D)
  A deep elf blademaster (D)
  2 deep elf high priests (D)
  A dancing weapon (D)
  A deep elf knight (D)
  3 deep elf archers (D)
  A deep elf zephyrmancer (D)
  5 deep elf pyromancers (D)
  A smoke demon (D)
  A freezing wraith (D)
  4 merfolk (D)
  2 wind drakes (D)
  2 tarantellas (D)
  A jumping spider (D)
  A spriggan (D)
  A water elemental (D)
  A ynoxinul (D)
  A small abomination (D)
  6 starcursed masses (D)
  A fire elemental (D)
  2 nagas (D)
  4 black bears (D)
  4 orc warriors (D)
  4 wolves (D)
  An earth elemental (D)
  A scorpion (D)
  A wight (D)
  A crimson imp (D)
  A quasit (D)
  5 orc priests (D)
  5 orc wizards (D)
  A mummy (D)
  3 adders (D)
  A shadow imp (D)
  An ufetubus (D)
  An adder simulacrum (D)
  3 orcs (D)
  A bat zombie (D)
  5 ball pythons (D)
82 creatures vanquished.

Notes
Turn   | Place    | Note
-------+----------+-------------------------------------------
     0 | D        | Revguard the Gargoyle Fighter began the quest for the Orb.
     0 | D        | Reached XP level 1. HP: 14/14 MP: 1/1
     0 | D        | Found a blossoming altar of Fedhas.
     0 | D        | Found the +6 Majin-Bo {spellvamp, MP+6 Int+6}
     0 | D        | Found the +27 heavy crossbow "Sniper" {heavy, Acc+∞ SInv}
     0 | D        | Found the +10 dark maul {heavy}
     0 | D        | Found the +15 Maxwell's patent armour {-Cast -Tele rElec
                  | Will+ rCorr}
     0 | D        | Found the +18 shield of the Gong {Loud rN+ Will+ rCorr
                  | EV-5}
     0 | D        | Found the +16 obsidian axe {drain, demonic, Mesm Drain Fly
                  | SInv}
     0 | D        | Found the +7 great mace "Firestarter" {flame, immolate,
                  | rFlCloud rF++}
     0 | D        | Found the +6 shillelagh "Devastator" {shatter}
     0 | D        | Found the +11 plutonium sword {Contam Stlth-}
     0 | D        | Found the +8 lance "Wyrmbane" {slay drac, rPois rF+ rC+
                  | AC+3}
     0 | D        | Found the +9 sword of Zonguldrok {reap}
     0 | D        | Found the +13 scythe of Curses {drain, curses, Drain}
     0 | D        | Found the +9 sword of Power {lifebolt}
     0 | D        | Found the +7 mace of Variability {chaos, chaos arc}
     0 | D        | Found the +11 Singing Sword {sonic wave}
     0 | D        | Found the +8 storm bow {elec, penet}
     1 | D        | Found a shimmering blue altar of Sif Muna.
     1 | D        | Found a sacrificial altar of Ru.
     1 | D        | Found a bloodstained altar of Trog.
     1 | D        | Found a stormy altar of Qazlal.
     1 | D        | Found an iron altar of Okawaru.
     1 | D        | Found a sparkling altar of Nemelex Xobeh.
     3 | D        | Found a transporter.
     3 | D        | Found an ancient bone altar of Kikubaaqudgha.
     3 | D        | Found a viscous altar of Jiyva.
     3 | D        | Found a corrupted altar of Lugonu.
     3 | D        | Found a hazy altar of Hepliaklqana.
     3 | D        | Found a burning altar of Makhleb.
     3 | D        | Found an opulent altar of Gozag.
    42 | D        | Became a worshipper of Zin the Law-Giver
    87 | D        | Reached skill level 5 in Fighting
    87 | D        | Reached skill level 1 in Dodging
    87 | D        | Reached skill level 1 in Evocations
    87 | D        | Reached XP level 2. HP: 21/21 MP: 1/3
   112 | D        | Entered arena 2.
   112 | D        | Noticed a wight
   112 | D        | Found a transporter.
   113 | D        | Killed a wight
   114 | D        | Reached XP level 3. HP: 27/27 MP: 3/5
   114 | D        | Reached XP level 4. HP: 32/32 MP: 3/6
   144 | D        | Entered arena 3.
   144 | D        | Found a transporter.
   148 | D        | Reached skill level 6 in Fighting
   159 | D        | Entered arena 4.
   159 | D        | Noticed a black bear
   159 | D        | Noticed a wolf
   159 | D        | Noticed a wolf
   159 | D        | Noticed a spriggan
   159 | D        | Found a transporter.
   165 | D        | Killed a wolf
   165 | D        | Killed a spriggan
   166 | D        | Reached skill level 7 in Fighting
   166 | D        | Reached skill level 5 in Shields
   166 | D        | Reached XP level 5. HP: 34/39 MP: 6/8
   166 | D        | Reached XP level 6. HP: 38/44 MP: 6/9
   166 | D        | Killed a black bear
   167 | D        | Reached skill level 8 in Fighting
   167 | D        | Reached skill level 5 in Invocations
   167 | D        | Reached XP level 7. HP: 44/50 MP: 6/10
   172 | D        | Got the +4 morningstar of Sandy Tenacity {freeze, rCorr
                  | Str+6 Dex+3}
   175 | D        | Entered arena 5.
   175 | D        | Noticed a tarantella
   175 | D        | Noticed a tarantella
   175 | D        | Noticed a jumping spider
   175 | D        | Found a transporter.
   179 | D        | Killed a tarantella
   179 | D        | Killed a tarantella
   180 | D        | Reached skill level 9 in Fighting
   180 | D        | Reached skill level 5 in Evocations
   180 | D        | Reached XP level 8. HP: 49/57 MP: 7/12
   182 | D        | Killed a jumping spider
   187 | D        | Got the amulet "Desesy" {Faith Rampage +Blink Int+5}
   213 | D        | Entered arena 6.
   213 | D        | Found the +4 Cigotuvi's embrace {Corpsefed rMiasma Drain
                  | rN+}
   213 | D        | Found a transporter.
   217 | D        | Reached skill level 10 in Fighting
   217 | D        | Reached skill level 5 in Dodging
   225 | D        | Entered arena 7.
   225 | D        | Noticed a wind drake
   225 | D        | Noticed a merfolk
   225 | D        | Noticed a wind drake
   225 | D        | Noticed a merfolk
   225 | D        | Noticed a merfolk
   225 | D        | Noticed a merfolk
   226 | D        | Found a transporter.
   239 | D        | Killed a merfolk
   240 | D        | Reached XP level 9. HP: 28/63 MP: 14/14
   241 | D        | Killed a merfolk
   242 | D        | Reached skill level 11 in Fighting
   244 | D        | Killed a wind drake
   246 | D        | Killed a merfolk
   249 | D        | Killed a merfolk
   252 | D        | Killed a wind drake
   360 | D        | Entered arena 8.
   360 | D        | Found the +3 Mad Mage's Maulers {Infuse+∞ VampMP -Cast}
   360 | D        | Noticed a deep elf pyromancer
   360 | D        | Noticed a deep elf pyromancer
   360 | D        | Noticed a deep elf pyromancer
   360 | D        | Noticed a deep elf pyromancer
   361 | D        | Found a transporter.
   368 | D        | Killed a deep elf pyromancer
   371 | D        | Killed a deep elf pyromancer
   372 | D        | Reached skill level 12 in Fighting
   375 | D        | Killed a deep elf pyromancer
   376 | D        | Reached skill level 10 in Axes
   376 | D        | Reached XP level 10. HP: 55/71 MP: 14/16
   394 | D        | Killed a deep elf pyromancer
   484 | D        | Entered arena 9.
   484 | D        | Found the +8 frozen axe "Frostbite" {freeze, freezing
                  | cloud, *Noise Fly rC+}
   485 | D        | Found a transporter.
   587 | D        | Entered arena 10.
   588 | D        | Found a transporter.
   611 | D        | Got the +6 war axe "Jabemay" {flame, Will+ rCorr}
   614 | D        | Got the Secrets of Misty Frost
   616 | D        | Got the Exposition on Transposition
   696 | D        | Entered arena 11.
   697 | D        | Found a transporter.
   703 | D        | Reached skill level 13 in Fighting
   703 | D        | Reached skill level 10 in Armour
   732 | D        | Entered arena 12.
   732 | D        | Found the +2 Maxwell's thermic engine {flame, freeze, rev}
   732 | D        | Noticed a starcursed mass
   732 | D        | Noticed a smoke demon
   732 | D        | Noticed a lich
   735 | D        | Found a transporter.
   738 | D        | Reached * piety under Zin
   740 | D        | Paralysed by accursed screaming for 1 turns
   745 | D        | Killed a smoke demon
   745 | D        | Paralysed by accursed screaming for 1 turns
   748 | D        | Paralysed by accursed screaming for 1 turns
   749 | D        | Killed a starcursed mass
   754 | D        | Killed a lich
   754 | D        | Killed a starcursed mass
   755 | D        | Reached skill level 10 in Shields
   755 | D        | Reached XP level 11. HP: 56/79 MP: 1/18
   757 | D        | Reached skill level 14 in Fighting
   766 | D        | Got the amulet "Jof Tauq" {Reflect Rampage rC++ Int-5 SH+5
                  | SInv Stlth-}
   864 | D        | Entered arena 13.
   864 | D        | Noticed a deep elf pyromancer
   864 | D        | Noticed a deep elf high priest
   864 | D        | Noticed a deep elf blademaster
   864 | D        | Noticed a deep elf knight
   864 | D        | Noticed a +1 glaive of flaming
   864 | D        | Noticed a deep elf archer
   864 | D        | Noticed a deep elf high priest
   865 | D        | Identified the +2 mace of Eternal Night {spect, rC+ rN+
                  | Stlth+}
   865 | D        | Noticed a deep elf archer
   865 | D        | Identified the +8 demon whip "Ninouh" {heavy, rF+}
   865 | D        | Noticed a deep elf zephyrmancer
   865 | D        | Identified the staff of the Egg {*Slow rElec rPois Str+3
                  | Tloc Air}
   865 | D        | Noticed a deep elf archer
   865 | D        | Found a transporter.
   868 | D        | Killed a deep elf zephyrmancer
   870 | D        | Killed a deep elf knight
   873 | D        | Reached skill level 10 in Invocations
   873 | D        | Killed a deep elf high priest
   877 | D        | Killed a deep elf high priest
   878 | D        | Killed a deep elf blademaster
   878 | D        | Killed a deep elf pyromancer
   879 | D        | Reached skill level 15 in Fighting
   880 | D        | Killed a deep elf archer
   886 | D        | Killed a +1 glaive of flaming
   887 | D        | Killed a deep elf archer
   892 | D        | Killed a deep elf archer
  1019 | D        | Entered arena 14.
  1020 | D        | Noticed a death scarab
  1020 | D        | Noticed a death scarab
  1021 | D        | Noticed a royal mummy
  1021 | D        | Noticed a mummy priest
  1021 | D        | Noticed a mummy priest
  1021 | D        | Noticed a death scarab
  1021 | D        | Found a transporter.
  1023 | D        | Noticed an emperor scorpion
  1023 | D        | Noticed an emperor scorpion
  1023 | D        | Noticed an emperor scorpion
  1024 | D        | Reached ** piety under Zin
  1026 | D        | Noticed a death scarab
  1026 | D        | Noticed a death scarab
  1027 | D        | Noticed a jiangshi
  1028 | D        | Noticed a death scarab
  1028 | D        | Noticed a death scarab
  1028 | D        | Noticed a death scarab
  1029 | D        | HP: 4/83 [death scarab[a royal mummy] (9)]
  1029 | D        | Slain by an emperor scorpion

Illustrated notes

Levels and vault maps discovered:
D:        sprint_v [room_start, room_1, room_2, room_3, room_4, room_5, room_6,
          room_7, room_8, room_9, room_10, room_11, room_12, room_13, room_14,
          room_15, room_16, room_17, room_18, room_19, room_20, room_21,
          room_22, room_23, room_24, room_25, room_26, room_27]

Skill      XL: |  1  2  3  4  5  6  7  8  9 10 11 |
---------------+----------------------------------+-----
Fighting       | 5 7 8 9 10 12 13 15 | 15.6
Axes           | 3 4 6 7 8 10 11 13 | 13.1
Armour         | 4 6 7 8 9 10 12 | 12.0
Dodging        | 1 2 3 4 5 6 7 8 |  8.4
Shields        | 4 5 6 7 8 9 10 11 | 11.5
Invocations    | 2 3 4 5 6 7 8 9 11 | 11.0
Evocations     | 1 2 3 4 5 6 8 9 |  9.2

Action                     |  1- 3 |  4- 6 |  7- 9 | 10-12 || total
---------------------------+-------+-------+-------+-------++-------
  Melee: Shillelagh        |     1 |     8 |    24 |       ||    33
         Morningstar       |       |       |     4 |    17 ||    21
         War axe           |       |       |       |    48 ||    48
         Broad axe         |       |       |       |    22 ||    22
 Invoke: Recite            |       |       |       |     2 ||     2
  Evoke: Wand              |       |       |     4 |     3 ||     7
    Use: Potion            |     1 |       |     3 |     7 ||    11
   Stab: Invisible         |       |       |     3 |       ||     3
         Confused          |       |       |       |     1 ||     1
 Armour: Plate armour      |       |     9 |    41 |   161 ||   211
  Dodge: Dodged            |       |     1 |     2 |    14 ||    17
  Block: Kite shield       |     1 |    18 |    77 |   192 ||   288
         Reflection        |       |       |       |    14 ||    14

Table legend: (Time is in decaauts)
 A = Elapsed time spent in this place.
 B = Non-inter-level travel time spent in this place.
 C = Inter-level travel time spent in this place.
 D = Time resting spent in this place.
 E = Time spent auto-exploring this place.
 F = Levels seen in this place.
 G = Mean time per level.
                   A        B        C        D        E       F      G
               +--------+--------+--------+--------+--------+-----+--------+
         Total |   1045 |   1045 |      0 |    550 |      0 |   1 | 1045.0 |
       Dungeon |   1045 |   1045 |      0 |    550 |      0 |   1 | 1045.0 |
               +--------+--------+--------+--------+--------+-----+--------+

Top non-repeatable levels by time:
       D: 1045 daAuts
